 Dungeon Crawl Stone Soup version 0.21.0-37-g46506fa (webtiles) character file.

44 MrLeft the Caller (level 3, -2/26 HPs)
             Began as a Draconian Summoner on Jan 31, 2018.
             Was an Initiate of Yredelemnul.
             Slain by an iron imp (6 damage)
             ... summoned by MrLeft's ghost
             ... on level 3 of the Dungeon.
             The game lasted 00:08:47 (2459 turns).

MrLeft the Caller (Draconian Summoner)              Turns: 2459, Time: 00:08:47

Health: -2/26      AC:  5    Str: 10    XL:     3   Next: 39%
Magic:  1/6        EV: 12    Int: 16    God:    Yredelemnul [......]
Gold:   12         SH:  0    Dex: 11    Spells: 1/7 levels left

rFire    . . .     SeeInvis .   h - +0 short sword (speed)
rCold    . . .     Gourm    .   (no shield)
rNeg     . . .     Faith    .   (armour unavailable)
rPois    .         Spirit   .   (helmet restricted)
rElec    .         Reflect  .   (no cloak)
rCorr    .         Harm     .   (no gloves)
MR       .....                  (no boots)
Stlth    ++........             (no amulet)
HPRegen  0.08/turn              (no ring)
MPRegen  0.10/turn              (no ring)

@: lethally poisoned (-2 -> -14)
A: unfitting armour, cold-blooded, AC +5
a: Renounce Religion


You were on level 3 of the Dungeon.
You worshipped Yredelemnul.
Yredelemnul was noncommittal.
You were full.

You visited 1 branch of the dungeon, and saw 3 of its levels.

You collected 12 gold pieces.

Inventory:

Hand Weapons
 d - a +0 club
 e - a +0 club
 h - a +0 short sword of speed (weapon)
Magical Staves
 i - an uncursed staff of death
Books
 a - a book of Callings

   Spells                             Type                      Level
   a - Summon Small Mammal            Summoning                    1
   b - Call Imp                       Summoning                    2
   c - Call Canine Familiar           Summoning                    3
   d - Summon Guardian Golem          Hexes/Summoning              3
   e - Summon Lightning Spire         Summoning/Air                4
   f - Summon Ice Beast               Ice/Summoning                4


   Skills:
 + Level 0.5 Short Blades
 + Level 0.7 Maces & Flails
 + Level 2.0 Dodging
 + Level 1.8 Stealth
 + Level 0.5 Unarmed Combat
 + Level 2.6 Spellcasting
 + Level 4.3 Summonings


You had one spell level left.
You knew the following spells:

 Your Spells              Type           Power        Failure   Level  Hunger
a - Summon Small Mammal   Summ           ###.         3%          1    #......
b - Call Imp              Summ           ###.....     4%          2    ##.....
c - Summon Guardian Gole  Hex/Summ       #.......     24%         3    ###....


Dungeon Overview and Level Annotations

Branches:
Dungeon (3/15)

Altars:
Yredelemnul

Annotations:
D:3 MrLeft's ghost, weakling DgSu


Innate Abilities, Weirdness & Mutations

Your plain brown scales are hard. (AC +5)
You cannot fit into any form of body armour.
You are cold-blooded and may be slowed by cold attacks.


Message History

Unknown command.
The shadow imp barely misses you.
Casting: Call Imp
Confirm with . or Enter, or press ? or * to list all spells.
A beastly little devil appears in a puff of flame.
The shadow imp misses you.
You swap places.
The shadow imp hits you but does no damage.
MrLeft's ghost casts a spell.
Your crimson imp hits the shadow imp but does no damage.
The shadow imp disappears in a puff of smoke!
Your white imp barely misses the shadow imp.
The iron imp misses you.
Your crimson imp hits MrLeft's ghost.
Your crimson imp hits MrLeft's ghost.
MrLeft's ghost hits you.
* * * LOW HITPOINT WARNING * * *
You are lethally poisoned!
The iron imp hits you.
You die...
Your body rises from the dead as a mindless zombie.

#..........# #....§..........#
#..........# #....§..........#
#.........<# #<.5§§.†........#
#..........# #................
#..........# #...............#
#..........####.....#.#########
#..........#...................
#............######.........###
######.#####..@.....)..........
#.# #..5W5###........##. .###
####5..##........... # ..#..
#.#5#.##..........# #....#.#
#.#...##.....###### #..###.#
#.###....(...###... #......#
#..................
#......#####................##
#.#...#.###..............


You could see an iron imp, MrLeft's ghost, a shadow imp, a friendly crimson imp
and a friendly white imp.

Vanquished Creatures
  An adder (D:3)
  A dart slug (D:1)
  A leopard gecko (D:3)
  3 orcs (D:3)
  4 hobgoblins
  A quokka (D:2)
  2 frilled lizards (D:2)
  A kobold (D:3)
  A rat (D:3)
15 creatures vanquished.

Vanquished Creatures (collateral kills)
  An adder (D:2)
  A leopard gecko (D:3)
  An orc (D:3)
  A goblin (D:3)
  2 hobgoblins
  3 bats
  A frilled lizard (D:2)
  3 rats
13 creatures vanquished.

Vanquished Creatures (others)
  A kobold (D:3)
1 creature vanquished.

Grand Total: 29 creatures vanquished

Notes
Turn   | Place    | Note
-------+----------+-------------------------------------------
     0 | D:1      | MrLeft the Draconian Summoner began the quest for the Orb.
     0 | D:1      | Reached XP level 1. HP: 14/14 MP: 3/3
   552 | D:2      | Reached XP level 2. HP: 13/20 MP: 1/5
   560 | D:2      | Learned a level 2 spell: Call Imp
  1037 | D:2      | Found a basalt altar of Yredelemnul.
  1065 | D:2      | Became a worshipper of Yredelemnul the Dark
  1380 | D:3      | Reached XP level 3. HP: 13/26 MP: 1/6
  1398 | D:3      | HP: 1/26 [orc/hand axe (6)]
  2142 | D:3      | Learned a level 3 spell: Summon Guardian Golem
  2433 | D:3      | Noticed MrLeft's ghost (weakling DgSu)
  2459 | D:3      | Slain by an iron imp

Skill      XL: |  1  2 |
---------------+-------+-----
Dodging        | 2 |  2.0
Short Blades   | |  0.5
Maces & Flails | |  0.7
Stealth        | |  1.8
Unarmed Combat | |  0.5
Spellcasting   | |  2.6
Summonings     | |  4.3

Action                   || total
-------------------------++-------
Melee: Unarmed           ||    13
       Club              ||    13
       Tailslap          ||     5
       Short sword       ||    28
       Staff             ||    10
 Cast: Summon Small Mamm ||    15
       Call Imp          ||    18
       Summon Guardian G ||     2
  Use: Scroll            ||     1
       Potion            ||     2
 Stab: Sleeping          ||     1
  Eat: Ration            ||     3
       Chunk             ||     1
Armor: Skin              ||    36
Dodge: Dodged            ||    90
